 Dungeon Crawl Stone Soup version 0.19.0-2-gae57169 (console) character file.

54215 Kloppie the Bludgeoner (level 15, -6/124 HPs)
             Began as a Human Berserker on Nov 6, 2016.
             Was a Priest of Trog.
             Mangled by an enormous slime creature (34 damage)
             ... on level 12 of the Dungeon.
             The game lasted 00:37:47 (21980 turns).

Kloppie the Bludgeoner (Human Berserker)           Turns: 21980, Time: 00:37:47

Health: -6/124     AC: 27    Str: 19    XL:     15   Next: 13%
Magic:  5/5        EV:  5    Int:  8    God:    Trog [***...]
Gold:   875        SH:  0    Dex: 17    Spells: 0 memorised, 14 levels left

rFire  . . .     SeeInvis .     a - +5 demon whip {antimagic, MR+}
rCold  + . .     Gourm    .     G - +1 crystal plate armour {rC+}
rNeg   . . .     Faith    .     (no shield)
rPois  +         Spirit   .     N - +0 hat {MR+}
rElec  .         Reflect  .     i - +0 cloak
rCorr  .         Harm     .     J - +1 pair of gloves
MR     ++++.                    (no boots)
Stlth  ..........               (no amulet)
                                y - ring of protection from magic
                                b - ring of poison resistance

@: no status effects
A: mutation resistance 1
a: Berserk, Trog's Hand, Burn Spellbooks, Renounce Religion


You were on level 12 of the Dungeon.
You worshipped Trog.
Trog was most pleased with you.
You were hungry.

You visited 2 branches of the dungeon, and saw 18 of its levels.
You also visited: Ice Cave.

You collected 1031 gold pieces.
You spent 156 gold pieces at shops.

Inventory:

Hand Weapons
 a - the +5 demon whip "Spellbinder" (weapon) {antimagic, MR+}
   (You found it on level 6 of the Lair of Beasts)

   It reduces the magical energy of the wielder, and disrupts the spells and
   magical abilities of those hit.
   Natural abilities and divine invocations are not affected.
   It affects your resistance to hostile enchantments.
Armour
 g - the +3 ring mail of Time Monsters {rCorr, unknown}
   (You found it on level 12 of the Dungeon)

   It protects you from acid and corrosion.
 i - a +0 cloak (worn)
 G - a +1 crystal plate armour of cold resistance (worn)
 J - a +1 pair of gloves (worn)
 N - a +0 hat of magic resistance (worn)
 W - the +8 chain mail of a treasure trove {rPois MP-9 Dex+9 Stlth+}
   (You found it on level 11 of the Dungeon)

   It affects your dexterity (+9).
   It protects you from poison.
   It affects your magic capacity (-9).
   It makes you more stealthy.
Jewellery
 b - a ring of poison resistance (left hand)
 h - an uncursed ring of see invisible
 k - an uncursed ring of protection from cold
 v - an uncursed ring of flight
 y - a ring of protection from magic (right hand)
 B - an uncursed ring of protection from cold
 M - an uncursed ring of protection from magic
Wands
 l - a wand of lightning (6/15)
 D - a wand of disintegration (10/24)
 I - a wand of digging (19/24)
Scrolls
 j - a scroll of enchant weapon
 o - 2 scrolls of magic mapping
 t - 4 scrolls of recharging
 u - 6 scrolls of remove curse
 C - 7 scrolls of teleportation
 F - 3 scrolls of blinking
Potions
 e - 3 potions of might
 m - a potion of heal wounds
 n - a potion of flight {unknown}
 p - 5 potions of cure mutation
 r - 4 potions of curing
 z - a potion of agility
 A - 3 potions of cancellation
 P - 2 potions of invisibility {unknown}
Comestibles
 c - 8 bread rations
 d - a chunk of flesh
 f - 5 beef jerkies
 q - 5 meat rations
 x - 5 slices of pizza
 R - 4 royal jellies
 S - 10 fruits


   Skills:
 + Level 13.6 Fighting
 - Level 16.9 Maces & Flails
 + Level 12.4 Armour
 - Level 2.0 Dodging


You had 14 spell levels left.
You didn't know any spells.

Dungeon Overview and Level Annotations

Branches:
Dungeon (12/15)            Temple (0/1) D:4            Lair (6/6) D:11
 Shoals (0/4) Lair:2       Spider (0/4) Lair:2        Slime (0/5) Lair:6
    Orc (0/2) D:12

Altars:
Dithmenos
Fedhas
Hepliaklqana
Jiyva

Shops:
D:6 (*[   D:11 !

Annotations:
D:2 1 runed door
D:10 2 runed doors, exclusion: orange crystal statue


Innate Abilities, Weirdness & Mutations

You are somewhat resistant to further mutation.


Message History

You whack the large slime creature!
The large slime creature is severely wounded.
A slime creature comes into view.
Your crystal plate armour prevents you from hitting the large slime creature.
The large slime creature is severely wounded.
You whack the large slime creature!
The large slime creature is severely wounded.
Two slime creatures merge to form a very large slime creature.
You whack the very large slime creature!
The very large slime creature is heavily wounded.
A slime creature comes into view.
You whack the very large slime creature!
The very large slime creature is severely wounded.
Two slime creatures merge to form an enormous slime creature.
You are feeling hungry.
The enormous slime creature hits you!!!
Ouch! That really hurt!
* * * LOW HITPOINT WARNING * * *
The enormous slime creature hits you!!
You die...

### ..# ###.#
###.#.# ...#.#
##.#.# #....##
#.....#
#######@J##.#
## ###
#.......###.J.#
! ..# #.#######
##### # ###.#
#.# # ...# #.#
######.###.#
((.##....#.#
((....>#...#
##..#.######


You could see an enormous slime creature.

Vanquished Creatures
  A reaper (IceCv)
  2 dire elephants (Lair:6)
  The ghost of Yakui the Impaler, a journeyman MfGl of Hepliaklqana (Lair:5)
  9 hydras
  An anaconda (Lair:6)
  A death knight (D:12)
  Erica (Lair:1)
  3 hill giants
  2 oklob plants
  Pikel (D:8)
  2 deep elf magi (D:12)
  2 ugly things (D:12)
  A cyclops (D:11)
  9 elephants (Lair:6)
  2 ice statues (IceCv)
  4 black mambas
  Psyche (D:8)
  14 spiny frogs
  4 rime drakes
  2 komodo dragons (Lair:6)
  14 ice devils
  2 trolls
  2 hornets
  3 blink frogs (Lair:6)
  Prince Ribbit (D:8)
  12 hippogriffs
  A redback (Lair:2)
  2 wyverns
  A shadow (D:11)
  39 yaks
  A basilisk (Lair:2)
  A steam dragon (D:10)
  2 hungry ghosts
  Menkaure (D:6)
  Edmund (D:4)
  3 wargs (D:12)
  2 soldier ants (D:9)
  8 porcupines
  Duvessa (D:7)
  13 water moccasins
  5 orc warriors
  9 sky beasts
  A slave (D:8)
  18 ice beasts
  3 ogres
  3 black bears
  4 phantoms
  13 centaurs
  4 wolves
  13 crocodiles
  4 big kobolds
  9 bullfrogs
  A wyvern zombie (D:8)
  3 scorpions
  A water moccasin skeleton (D:6)
  Dowan (D:7)
  6 killer bees (D:12)
  7 wights (D:10)
  4 howler monkeys
  7 crimson imps
  A bullfrog zombie (D:12)
  4 hounds
  A quasit (D:9)
  4 jellies
  A bullfrog skeleton (D:8)
  2 orc priests
  Jessica (D:2)
  A centaur skeleton (D:7)
  An iguana (D:10)
  4 orc wizards
  13 worker ants
  3 hound zombies
  3 worker ant zombies
  4 gnolls (D:4)
  13 adders
  4 shadow imps
  3 white imps (IceCv)
  6 ufetubi (IceCv)
  2 adder skeletons
  4 worms
  2 dart slugs
  4 leopard geckos
  38 orcs
  5 giant cockroaches
  5 goblins
  9 hobgoblins
  7 jackals
  A quokka (D:3)
  2 ball pythons
  A ball python skeleton (D:4)
  9 bats
  7 frilled lizards
  32 kobolds
  2 quokka skeletons
  2 quokka zombies
  6 rats
  4 plants
500 creatures vanquished.

Vanquished Creatures (collateral kills)
  2 dire elephants (Lair:6)
2 creatures vanquished.

Vanquished Creatures (others)
  A slave (D:8)
  4 white imps (IceCv)
  5 ufetubi (IceCv)
  A quokka (D:8)
  18 fungi
  21 plants
50 creatures vanquished.

Grand Total: 552 creatures vanquished

Notes
Turn   | Place    | Note
-------+----------+-------------------------------------------
     0 | D:1      | Kloppie the Human Berserker began the quest for the Orb.
     0 | D:1      | Reached XP level 1. HP: 18/18 MP: 1/1
   222 | D:1      | Reached XP level 2. HP: 13/24 MP: 2/2
   590 | D:1      | Reached XP level 3. HP: 26/29 MP: 3/3
   857 | D:2      | Found a blossoming altar of Fedhas.
   991 | D:2      | Found a shadowy altar of Dithmenos.
  1028 | D:2      | Noticed Jessica
  1039 | D:2      | Reached skill level 4 in Maces & Flails
  1043 | D:2      | Killed Jessica
  1043 | D:2      | Reached ** piety under Trog
  1043 | D:2      | Reached XP level 4. HP: 35/35 MP: 4/4
  1146 | D:2      | Found a runed door.
  1764 | D:3      | Reached XP level 5. HP: 41/41 MP: 5/5
  2430 | D:4      | Noticed Edmund
  2441 | D:4      | Killed Edmund
  2441 | D:4      | Reached skill level 5 in Maces & Flails
  2441 | D:4      | Reached XP level 6. HP: 45/47 MP: 6/6
  2527 | D:4      | Reached *** piety under Trog
  2766 | D:4      | Found a staircase to the Ecumenical Temple.
  2808 | D:4      | Noticed an ogre
  2815 | D:4      | Killed an ogre
  2815 | D:4      | Reached skill level 5 in Armour
  2815 | D:4      | Reached XP level 7. HP: 50/52 MP: 7/7
  2964 | D:4      | Reached skill level 6 in Maces & Flails
  3427 | D:5      | Entered Level 5 of the Dungeon
  3686 | D:5      | Reached XP level 8. HP: 55/61 MP: 8/8
  3810 | D:5      | Reached skill level 7 in Maces & Flails
  3860 | D:5      | Reached skill level 5 in Fighting
  4118 | D:5      | Gained mutation: You are somewhat resistant to further mutation. [potion of beneficial mutation]
  4154 | D:6      | Found Innus's Armour Shoppe.
  4846 | D:6      | Reached skill level 8 in Maces & Flails
  4846 | D:6      | Reached XP level 9. HP: 29/69 MP: 9/9
  5125 | D:6      | Noticed Menkaure
  5136 | D:6      | Killed Menkaure
  5136 | D:6      | Reached **** piety under Trog
  5199 | D:6      | Found a shadowy altar of Dithmenos.
  5333 | D:6      | Found Ismoptor's Weapon Shoppe.
  5532 | D:6      | Found Vavudar's Assorted Antiques.
  5535 | D:6      | Bought a scroll labeled LUCINU KIHA for 32 gold pieces
  5535 | D:6      | Bought a scroll labeled TIESSEFUVAY for 32 gold pieces
  5535 | D:6      | Bought a scroll labeled ILOAWN RATAR for 32 gold pieces
  5535 | D:6      | Bought a scroll labeled ARPHUO CIGUDUK for 32 gold pieces
  5535 | D:6      | Bought a viscous silvery potion for 28 gold pieces
  6105 | D:7      | Reached skill level 9 in Maces & Flails
  6220 | D:7      | Found a hazy altar of Hepliaklqana.
  6230 | D:7      | Found a blossoming altar of Fedhas.
  6249 | D:7      | Noticed a troll
  6263 | D:7      | Killed a troll
  6608 | D:7      | Reached XP level 10. HP: 49/76 MP: 10/10
  6851 | D:7      | Noticed Dowan
  6864 | D:7      | Killed Dowan
  6867 | D:7      | Noticed Duvessa
  6889 | D:7      | Killed Duvessa
  6889 | D:7      | Reached skill level 10 in Maces & Flails
  7023 | D:8      | Paralysed by a hornet for 2 turns
  7315 | D:8      | Noticed Pikel
  7328 | D:8      | Killed Pikel
  7352 | D:8      | Noticed Psyche
  7365 | D:8      | Killed Psyche
  7520 | D:8      | Noticed Prince Ribbit
  7532 | D:8      | Killed Prince Ribbit
  7841 | D:8      | Reached skill level 11 in Maces & Flails
  8092 | D:8      | Reached XP level 11. HP: 55/81 MP: 11/11
  8250 | D:9      | Reached skill level 10 in Armour
  8791 | D:9      | Reached ***** piety under Trog
  9280 | D:9      | Reached skill level 12 in Maces & Flails
  9609 | D:10     | Entered Level 10 of the Dungeon
  9706 | D:10     | Noticed a hill giant
  9712 | D:10     | Killed a hill giant
  9916 | D:10     | Found a runed door.
  9928 | D:10     | Found a runed door.
  9939 | D:10     | Found a runed door.
  9962 | D:10     | Found a runed door.
 10478 | D:10     | Noticed an orange crystal statue
 10481 | D:10     | Noticed a hill giant
 10947 | D:10     | Noticed a hill giant
 10955 | D:10     | Killed a hill giant
 11039 | D:11     | Noticed a cyclops
 11264 | D:11     | Noticed a hill giant
 11274 | D:11     | Killed a hill giant
 11488 | D:11     | Killed a cyclops
 11637 | D:11     | Received a gift from Trog
 11637 | D:11     | Reached XP level 12. HP: 73/94 MP: 12/12
 11870 | D:11     | Found a staircase to the Lair.
 11926 | D:11     | Got a spiked chain mail
 11945 | D:11     | Found Maall's Distillery.
 12144 | D:11     | Reached skill level 13 in Maces & Flails
 12272 | Lair:1   | Entered Level 1 of the Lair of Beasts
 12367 | Lair:1   | Noticed Erica
 12386 | Lair:1   | Killed Erica
 12562 | Lair:1   | Identified the +8 chain mail of a treasure trove {rPois MP-9 Dex+9 Stlth+} (You found it on level 11 of the Dungeon)
 13155 | Lair:2   | Found a staircase to the Shoals.
 13174 | Lair:2   | Reached skill level 10 in Fighting
 13735 | Lair:2   | Found a hole to the Spider Nest.
 14177 | Lair:3   | Noticed a five-headed hydra
 14190 | Lair:3   | Killed a five-headed hydra
 14365 | Lair:3   | Reached skill level 14 in Maces & Flails
 14456 | Lair:3   | Received a gift from Trog
 14602 | Lair:3   | Noticed a six-headed hydra
 14611 | Lair:3   | Killed a six-headed hydra
 15032 | Lair:4   | Reached XP level 13. HP: 103/106 MP: 4/13
 15172 | Lair:4   | Noticed a four-headed hydra
 15195 | Lair:4   | Killed a four-headed hydra
 15739 | Lair:4   | Noticed a six-headed hydra
 15754 | Lair:4   | Killed a six-headed hydra
 16038 | Lair:5   | Reached skill level 15 in Maces & Flails
 16295 | Lair:5   | Noticed Yakui's ghost (journeyman MfGl)
 16310 | Lair:5   | Killed Yakui's ghost
 16331 | Lair:5   | Noticed an eight-headed hydra
 16348 | Lair:5   | Killed an eight-headed hydra
 16510 | Lair:5   | Noticed an eight-headed hydra
 16521 | Lair:5   | Killed an eight-headed hydra
 16655 | Lair:5   | Noticed an eight-headed hydra
 16667 | Lair:5   | Killed an eight-headed hydra
 17216 | Lair:6   | Entered Level 6 of the Lair of Beasts
 17233 | Lair:6   | Noticed a six-headed hydra
 17323 | Lair:6   | Got a steaming brass ring
 17383 | Lair:6   | Found a frozen archway.
 17415 | IceCv    | Entered an ice cave
 17462 | IceCv    | Identified the ring of Wirodizy {Ice Dex+8} (You found it on level 6 of the Lair of Beasts)
 17510 | IceCv    | Reached ****** piety under Trog
 17510 | IceCv    | Reached XP level 14. HP: 95/118 MP: 5/14
 17545 | IceCv    | Received a gift from Trog
 17948 | IceCv    | Noticed a reaper
 17968 | IceCv    | Killed a reaper
 17968 | IceCv    | Reached skill level 16 in Maces & Flails
 18494 | Lair:6   | Found a staircase to the Slime Pits.
 18495 | Lair:6   | Found a viscous altar of Jiyva.
 19271 | Lair:6   | Identified a scroll of acquirement
 19575 | Lair:6   | Received a gift from Trog
 19825 | Lair:6   | Received a gift from Trog
 20276 | Lair:6   | Noticed a dire elephant
 20285 | Lair:6   | Killed a dire elephant
 20294 | Lair:6   | Noticed a dire elephant
 20297 | Lair:6   | Killed a dire elephant
 20608 | Lair:6   | Noticed a dire elephant
 20608 | Lair:6   | Noticed a dire elephant
 20612 | Lair:6   | Killed a dire elephant
 20619 | Lair:6   | Killed a dire elephant
 20975 | D:12     | Got an encrusted ring mail
 21002 | D:12     | Found a staircase to the Orcish Mines.
 21227 | D:12     | Reached XP level 15. HP: 93/124 MP: 2/15
 21607 | D:12     | HP: 5/124 [poisoned by a kobold]
 21980 | D:12     | Mangled by an enormous slime creature

Skill      XL: |  1  2  3  4  5  6  7  8  9 10 11 12 13 14 |
---------------+-------------------------------------------+-----
Maces & Flails | 4 5 6 8 9 11 12 14 15 16 | 16.9
Armour         | 3 4 5 7 9 10 12 | 12.4
Fighting       | 4 6 8 11 13 | 13.6
Dodging        | |  2.0

Action                   |  1- 3 |  4- 6 |  7- 9 | 10-12 | 13-15 || total
-------------------------+-------+-------+-------+-------+-------++-------
Melee: Mace              |   109 |   165 |   506 |    19 |       ||   799
       Dire flail        |       |       |       |   877 |   804 ||  1681
       Demon whip        |       |       |       |       |   237 ||   237
Invok: Berserk           |     1 |     3 |     6 |    10 |    12 ||    32
       Trog's Hand       |       |       |     2 |     4 |     7 ||    13
       Brothers in Arms  |       |       |       |       |     2 ||     2
  Use: Scroll            |       |       |    15 |    10 |     5 ||    30
       Potion            |       |       |     1 |       |     4 ||     5
 Stab: Distracted        |       |       |       |       |     1 ||     1
  Eat: Chunk             |     1 |     8 |    15 |    35 |    19 ||    78
       Beef jerky        |       |       |     2 |       |     1 ||     3
       Royal jelly       |       |       |     1 |     5 |     3 ||     9
       Meat ration       |       |       |       |     2 |     2 ||     4
Armor: Chain mail        |    55 |    76 |   323 |   451 |   531 ||  1436
       Ring mail         |     4 |       |       |       |       ||     4
       Animal skin       |     2 |       |       |       |       ||     2
       Plate armour      |       |       |       |    68 |       ||    68
       Crystal plate arm |       |       |       |       |   101 ||   101
Dodge: Dodged            |    58 |    59 |   215 |   313 |   295 ||   940
